 Dungeon Crawl Stone Soup version 0.27-a0-686-gaed091b46b (webtiles) character file.

Game seed: 15156234880213738440

66 night the Insei (level 4, -7/28 HPs)
             Began as an Octopode Transmuter on Mar 20, 2021.
             Mangled by a gnoll
             ... wielding a +0 flail
              (15 damage)
             ... on level 2 of the Dungeon.
             The game lasted 00:02:31 (1449 turns).

night the Insei (Octopode Transmuter)               Turns: 1449, Time: 00:02:32

Health: -7/28      AC:  1    Str:  9    XL:     4   Next: 15%
Magic:  6/7        EV: 13    Int: 16    God:
Gold:   64         SH:  0    Dex: 12    Spells: 2/8 levels left

rFire    . . .     SeeInvis .     - Unarmed
rCold    . . .     Faith    .   (no shield)
rNeg     . . .     Spirit   .   (helmet currently unavailable)
rPois    .         Reflect  .   (no amulet)
rElec    .         Harm     .   (no ring)
rCorr    .         Rampage  .   (no ring)
Will     .....                  (no ring)
Stlth    ++........             (no ring)
HPRegen  0.09/turn              (no ring)
MPRegen  0.10/turn              (no ring)
                                (no ring)
                                (no ring)

@: appendages
A: tentacle spike 3, almost no armour, amphibious, 8 rings, camouflage 1,
gelatinous body 1, nimble swimmer 1, tentacles
a: End Transformation


You were on level 2 of the Dungeon.
One of your tentacles had grown a beastly spike.
You visited 1 branch of the dungeon, and saw 2 of its levels.

You collected 64 gold pieces.

Inventory:

Scrolls
 a - a scroll of teleportation {unknown}
 d - a scroll of enchant weapon {unknown}
 e - a scroll of fog {unknown}
 g - a scroll of amnesia {unknown}
 h - 2 scrolls of identify {unknown}
Potions
 b - a potion of curing {unknown}
 c - a potion of attraction {unknown}
 f - a potion of berserk rage {unknown}


   Skills:
 - Level 1.0 Fighting
 - Level 2.0 Dodging
 * Level 4.0 Unarmed Combat
 + Level 2.6 Spellcasting
 + Level 2.7 Transmutations


You had 2 spell levels left.
You knew the following spells:

 Your Spells              Type           Power      Damage    Failure   Level
a - Beastly Appendage     Tmut           20%        N/A       6%          1
b - Wereblood             Tmut           10%        N/A       10%         2
c - Spider Form           Tmut/Pois      3%         N/A       32%         3

Your spell library contained the following spells:

 Spells                   Type           Power      Damage    Failure   Level
 Ice Form                 Ice/Tmut       6%         N/A       73%         4
 Blade Hands              Tmut           5%         N/A       87%         5


Dungeon Overview and Level Annotations

Branches:
Dungeon (2/15)

Altars:


Innate Abilities, Weirdness & Mutations

One of your tentacles has grown a beastly spike.
You cannot wear most types of armour.
You are amphibious.
You can wear up to eight rings at the same time.
Your skin changes colour to match your surroundings (Stealth+).
Your rubbery body absorbs attacks. (AC +1, EV +1)
You are stealthy while swimming. (Stealth+)
You have tentacles for arms and can constrict up to eight enemies at once.


Message History

You squeeze the worker ant!
The worker ant is heavily wounded.
You constrict the worker ant. The worker ant barely misses you.
You tentacle-slap the worker ant. You squeeze the worker ant.
The worker ant is almost dead.
You constrict the worker ant, but do no damage.
The worker ant completely misses you.
You tentacle-slap the worker ant but do no damage.
You squeeze the worker ant.
You kill the worker ant!
Your Unarmed Combat skill increases to level 4!
You have reached level 4!
Okay, then.
You open the door.
There is an open door here.
There is an open door here. 3 gnolls come into view.
The gnoll shouts! x3
Casting: Beastly Appendage (safe; 6% risk of failure)
Confirm with . or Enter, or press ? or * to list all spells.
One of your tentacles grows a vicious spike.
The gnoll misses you.
Unknown command.
You tentacle-slap the gnoll. You grab the gnoll.
The gnoll is lightly wounded.
You constrict the gnoll, but do no damage.
The gnoll barely misses you.
You tentacle-slap the gnoll.
You pierce the gnoll, but do no damage.
The gnoll is moderately wounded.
You constrict the gnoll.
The gnoll hits you from afar with a +0 spear!
The gnoll hits you with a +0 flail!
* * * LOW HITPOINT WARNING * * *
You are too injured to fight recklessly!
You tentacle-slap the gnoll.
You pierce the gnoll.
The gnoll is severely wounded.
You constrict the gnoll. The gnoll closely misses you.
The gnoll hits you with a +0 flail!
Ouch! That really hurt!
You die...

#.......# #.#
#.#..#
....#####'###....#
#..........##.##
#.#........##.#
#...........#.#
#...........#.#
#...........#.#
#.###########.#
#.@ggg.... ..#
##########


You could see 3 gnolls.

Vanquished Creatures
  A worker ant (D:2)
  A dart slug (D:1)
  A leopard gecko (D:1)
  4 giant cockroaches
  5 hobgoblins
  2 jackals (D:1)
  3 kobolds (D:1)
  3 quokkas
  A ball python (D:1)
  6 bats (D:1)
  3 goblins (D:1)
  5 rats (D:1)
35 creatures vanquished.

Notes
Turn   | Place    | Note
-------+----------+-------------------------------------------
     0 | D:1      | night the Octopode Transmuter began the quest for the Orb.
     0 | D:1      | Reached XP level 1. HP: 13/13 MP: 3/3
   226 | D:1      | Reached XP level 2. HP: 18/18 MP: 3/5
   234 | D:1      | Learned a level 2 spell: Wereblood
   715 | D:1      | Reached XP level 3. HP: 23/23 MP: 4/6
   719 | D:1      | Learned a level 3 spell: Spider Form
  1421 | D:2      | Reached skill level 4 in Unarmed Combat
  1421 | D:2      | Reached XP level 4. HP: 28/28 MP: 7/7
  1449 | D:2      | Mangled by a gnoll

Illustrated notes

Levels and vault maps discovered:
D:1:      dpeg_arrival_another_circle, layout_loops_ring
D:2:      layout_basic, lemuel_doored_altar

Skill      XL: |  1  2  3 |
---------------+----------+-----
Unarmed Combat | 4 |  4.0
Fighting       | |  1.0
Dodging        | |  2.0
Spellcasting   | |  2.6
Transmutations | |  2.7

Action                   |  1- 3 |  4- 6 || total
-------------------------+-------+-------++-------
Melee: Unarmed           |    75 |     3 ||    78
       Constrict         |    24 |     1 ||    25
       Tentacles         |    17 |       ||    17
       Kick              |     9 |     2 ||    11
 Cast: Beastly Appendage |    16 |     1 ||    17
 Stab: Sleeping          |     3 |       ||     3
Armor: Skin              |    12 |       ||    12
Dodge: Dodged            |    60 |     3 ||    63

Table legend: (Time is in decaauts)
 A = Elapsed time spent in this place.
 B = Non-inter-level travel time spent in this place.
 C = Inter-level travel time spent in this place.
 D = Time resting spent in this place.
 E = Time spent auto-exploring this place.
 F = Levels seen in this place.
 G = Mean time per level.
                   A        B        C        D        E       F      G
               +--------+--------+--------+--------+--------+-----+--------+
         Total |   1443 |   1399 |     44 |      0 |   1164 |   2 |  721.5 |
       Dungeon |   1443 |   1399 |     44 |      0 |   1164 |   2 |  721.5 |
               +--------+--------+--------+--------+--------+-----+--------+

Top non-repeatable levels by time:
     D:1: 1325 daAuts
     D:2: 118 daAuts
